 Dungeon Crawl Stone Soup version 0.29-a0-998-g1987434951 (webtiles) character file.

Game seed: 3339795093283310679

2826 leavemydog the Thaumaturge (level 9, -3/47 HPs)
             Began as a Deep Elf Conjurer on Aug 5, 2022.
             Was a Believer of Vehumet.
             Engulfed by a steam dragon's steam (19 damage)
             ... on level 7 of the Dungeon.
             The game lasted 00:24:37 (8497 turns).

leavemydog the Thaumaturge (Deep Elf Conjurer)      Turns: 8497, Time: 00:24:37

Health: -3/47      AC: 10    Str:  8    XL:     9   Next: 45%
Magic:  16/35      EV: 32    Int: 24    God:    Vehumet [**....]
Gold:   900        SH:  0    Dex: 15    Spells: 16/30 levels left

rFire   x . .      SeeInvis +   A - staff of conjuration
rCold   + . .      Faith    .   i - orb {light}
rNeg    + . .      Spirit   .   a - +0 robe
rPois   +          Reflect  .   q - +1 helmet of Gaxyas {Fly rC+ rN+ SInv}
rElec   .          Harm     .   g - +3 cloak of Defiance {rPois rF- Dex+2}
rCorr   .          Rampage  .   x - +0 pair of gloves
Will    .....                   I - +0 pair of boots
Stlth   +.........              u - amulet of the acrobat
HPRegen 0.15/turn               L - +4 ring of evasion
MPRegen 0.24/turn               s - ring of magical power

@: acrobatic, flying, glowing, studying Polearms
A: no striking features
a: Renounce Religion


You were on level 7 of the Dungeon.
You worshipped Vehumet.
Vehumet was pleased with you.
You visited 2 branches of the dungeon, and saw 8 of its levels.
You also visited: Bailey.

You collected 900 gold pieces.

Inventory:

Hand Weapons
 J - the +4 hammer "Nuesm" {flame, Str+2 Stlth+}
   (You found it on level 6 of the Dungeon)

   It burns those it strikes, dealing additional fire damage.
   Str:       It affects your strength (+2).
   Stlth:     It makes you more stealthy.
 K - a +3 quarterstaff of chaos
Missiles
 t - 5 atropa-tipped darts
 E - 4 poisoned darts
Armour
 a - a +0 robe (worn)
 g - the +3 cloak of Defiance (worn) {rPois rF- Dex+2}
   (You acquired it on level 5 of the Dungeon)

   Dex:       It affects your dexterity (+2).
   rF:        It makes you vulnerable to fire.
   rPois:     It protects you from poison.
 i - an orb of light (worn)
 q - the +1 helmet of Gaxyas (worn) {Fly rC+ rN+ SInv}
   (You found it on level 2 of the Dungeon)

   rC:        It protects you from cold.
   rN:        It protects you from negative energy.
   SInv:      It lets you see invisible.
   Fly:       It grants you flight.
 x - a +0 pair of gloves (worn)
 I - a +0 pair of boots (worn)
Magical Staves
 A - a staff of conjuration (weapon)
 D - a staff of fire
Jewellery
 s - a ring of magical power (right hand)
 u - an amulet of the acrobat (around neck)
 L - a +4 ring of evasion (left hand)
Wands
 e - a wand of acid (21)
 w - a wand of flame (11)
 F - a wand of charming (5)
Scrolls
 c - 2 scrolls of vulnerability
 f - a scroll of noise
 k - a scroll of silence {unknown}
 l - a scroll of teleportation {unknown}
 n - a scroll of magic mapping {unknown}
 r - a scroll of summoning {unknown}
 v - a scroll of enchant armour {unknown}
 y - 2 scrolls of amnesia
 B - a scroll of fear {unknown}
 C - 2 scrolls of torment
 G - 3 scrolls of butterflies
Potions
 b - a potion of magic
 d - a potion of attraction
 h - a potion of mutation
 j - 2 potions of lignification
 m - 2 potions of berserk rage
 o - 2 potions of curing
 p - 6 potions of flight
 z - 3 potions of ambrosia
 H - a potion of haste {unknown}


   Skills:
 + Level 1.3 Fighting
 - Level 0.2 Staves
 - Level 2.7 Dodging
 - Level 2.6 Stealth
 + Level 11.3 Spellcasting
 + Level 10.0 Conjurations
 * Level 1.4 Hexes
 - Level 5.3 Translocations


You had 16 spell levels left.
You knew the following spells:

 Your Spells              Type           Power      Damage    Failure   Level
a - Magic Dart            Conj           100%       1d8       1%          1
b - Searing Ray           Conj           100%       2d8       1%          2
c - Iskenderun's Mystic   Conj/Tloc      66%        2d14      1%          4
d - Stone Arrow           Conj/Erth      100%       3d13      1%          3
e - Fulminant Prism       Conj/Hex       29%        3d14      4%          4

Your spell library contained the following spells:

 Spells                   Type           Power      Damage    Failure   Level
 Static Discharge         Conj/Air       54%        3-10/arc  1%          2
 Dazzling Flash           Conj/Hex       100%       N/A       1%          3
 Sandblast                Erth           26%        2d8       4%          1
 Animate Armour           Summ/Erth      26%        N/A       41%         4
 Lehudib's Crystal Spear  Conj/Erth      27%        10d7      100%        8


Dungeon Overview and Level Annotations

Branches:
Dungeon (7/15)             Temple (1/1) D:5          Bailey (visited)

Altars:
Ashenzari
Dithmenos
Gozag
Hepliaklqana
Kikubaaqudgha
Makhleb
Nemelex Xobeh
Okawaru
Ru
Sif Muna
Trog
Uskayaw
Vehumet
Wu Jian
Xom
Zin
The Shining One

Shops:
D:6 (

Annotations:
D:7 2 transporters, MoonlitKnight's ghost, novice DEFE


Message History

The orc warrior is almost dead.
The steam dragon hisses angrily.
Casting: Stone Arrow (safe; 1% risk of failure)
Confirm with . or Enter, or press ? or * to list all spells.
Aiming: Stone Arrow (safe; 1% risk of failure)
Press: ? - help, Shift-Dir - straight line, f/p - orc warrior
Aim: an orc warrior, wielding a +0 battleaxe and wearing a +0 chain mail (almost dead, haloed, 82% to hit)
You feel a surge of power!
The stone arrow hits the orc warrior!
You kill the orc warrior!
Vehumet accepts your kill.
Your Conjurations skill increases to level 10!
Casting: Stone Arrow (safe; 1% risk of failure)
Confirm with . or Enter, or press ? or * to list all spells.
Aiming: Stone Arrow (safe; 1% risk of failure)
Press: ? - help, Shift-Dir - straight line, f - howler monkey
Aim: a howler monkey (haloed, 82% to hit)
You feel a surge of power!
The stone arrow hits the howler monkey!
The howler monkey is almost dead.
Casting: Stone Arrow (safe; 1% risk of failure)
Confirm with . or Enter, or press ? or * to list all spells.
Aiming: Searing Ray (safe; 1% risk of failure)
Press: ? - help, Shift-Dir - straight line, f - steam dragon, p - howler monkey
Aim: a steam dragon (83% to hit)
You feel a surge of power!
The searing ray hits the howler monkey.
You kill the howler monkey!
Vehumet accepts your kill.
The searing ray hits the steam dragon.
The steam dragon is lightly wounded. (Press . to maintain the ray.)
Your Hexes skill increases to level 1!
The searing ray hits the steam dragon.
The steam dragon is moderately wounded.
The steam dragon breathes steam at you. The ball of steam hits you!!
The steam scalds you terribly!
Ouch! That really hurt!
You hear a shout! x2
Something shouts, "Quit, thou weakly weeb-spouting lout!"
You hear a shout! x2
You are engulfed in a cloud of scalding steam.
You die...

.≈...........
≈≈.#......... ..
...#......... .#
##.......#... .#
###.......# .#
#.### # #.#.....#
.. D)..
###.#.#.#.###.# §§#
...©.......##.###§#
##########....##@.#
#yyy"|### #...##§##
.#y..#..y# #..##§#
..###..#yW##).>..#
.#.. #.. ###.#.###
#..# .### #....#
.#. .#...###...#
..###!.#.y##..##
.#...#...###..#


There were no monsters in sight!

Vanquished Creatures
  A steam dragon (D:6)
  An ice beast (D:6)
  A sky beast (D:7)
  9 orc warriors
  3 black bears (D:5)
  An ogre (D:4)
  2 centaurs
  A phantom (D:6)
  A bullfrog (D:6)
  A necrophage (D:6)
  A scorpion (D:5)
  3 howler monkeys
  A crimson imp (D:6)
  3 orc priests (D:5)
  5 hounds
  Crazy Yiuf (D:6)
  A jelly (D:7)
  A gnoll bouda (D:3)
  3 iguanas
  2 orc wizards (D:6)
  Terence (D:3)
  9 gnolls
  4 adders
  A shadow imp (D:6)
  A white imp (D:6)
  An ufetubus (D:5)
  2 worms
  3 dart slugs (D:2)
  20 orcs
  8 ball pythons
  11 endoplasms
  4 giant cockroaches
  13 goblins
  7 hobgoblins
  3 quokkas
  3 bats
  7 frilled lizards
  17 kobolds
  10 rats
167 creatures vanquished.

Vanquished Creatures (others)
  9 plants (D:3)
9 creatures vanquished.

Grand Total: 176 creatures vanquished

Notes
Turn   | Place    | Note
-------+----------+-------------------------------------------
     0 | D:1      | leavemydog the Deep Elf Conjurer began the quest for the
                  | Orb.
     0 | D:1      | Reached XP level 1. HP: 10/10 MP: 6/6
   216 | D:1      | Reached XP level 2. HP: 15/15 MP: 5/8
   219 | D:1      | Learned a level 2 spell: Searing Ray
   452 | D:1      | Reached skill level 5 in Conjurations
   811 | D:1      | Reached XP level 3. HP: 19/19 MP: 6/9
   947 | D:1      | Found a faded altar of an unknown god.
  1831 | D:2      | Reached skill level 4 in Spellcasting
  1831 | D:2      | Reached XP level 4. HP: 24/24 MP: 7/12
  2080 | D:2      | Identified the +1 helmet of Gaxyas {Fly rC+ rN+ SInv}
  2239 | D:3      | Noticed Terence
  2245 | D:3      | Killed Terence
  2680 | D:3      | Reached skill level 1 in Fighting
  2680 | D:3      | Reached XP level 5. HP: 17/29 MP: 3/14
  3364 | D:3      | Identified 2 scrolls of acquirement
  3402 | D:4      | Reached skill level 5 in Spellcasting
  3485 | D:4      | Noticed an ogre
  3490 | D:4      | Killed an ogre
  3491 | D:4      | Reached XP level 6. HP: 34/34 MP: 9/16
  3506 | D:4      | Learned a level 4 spell: Iskenderun's Mystic Blast
  3597 | D:4      | Found a glowing silver altar of Zin.
  4277 | D:4      | Found a radiant altar of Vehumet.
  4312 | D:4      | Became a worshipper of Vehumet
  4393 | D:5      | Entered Level 5 of the Dungeon
  4393 | D:5      | Found a bloodstained altar of Trog.
  4398 | D:5      | Reached skill level 6 in Spellcasting
  4398 | D:5      | Reached skill level 1 in Translocations
  4455 | D:5      | Reached XP level 7. HP: 12/38 MP: 9/18
  5118 | D:5      | Reached skill level 7 in Spellcasting
  5315 | D:5      | Acquired a staff of conjuration
  5322 | D:5      | Acquired the +3 cloak of Defiance {rPois rF- Dex+2}
  5485 | D:5      | Found a glowing golden altar of the Shining One.
  5519 | D:5      | Found a staircase to the Ecumenical Temple.
  5538 | Temple   | Entered the Ecumenical Temple
  5767 | D:5      | Reached skill level 8 in Spellcasting
  5927 | D:5      | Reached XP level 8. HP: 43/43 MP: 18/22
  6300 | D:6      | Reached * piety under Vehumet
  6300 | D:6      | Offered knowledge of Freeze by Vehumet.
  6375 | D:6      | Learned a level 3 spell: Stone Arrow
  6477 | D:6      | Found Nofy's Antique Weapon Emporium.
  6556 | D:6      | Found a shimmering blue altar of Sif Muna.
  6578 | D:6      | Got Sif Muna's Quarto of the Rocks
  6732 | D:6      | Reached skill level 9 in Spellcasting
  7456 | D:6      | Found a burning altar of Makhleb.
  7525 | D:6      | Identified the +4 hammer "Nuesm" {flame, Str+2 Stlth+}
  7530 | D:6      | Found a runed translucent door.
  7531 | D:6      | Noticed Crazy Yiuf
  7536 | D:6      | Killed Crazy Yiuf
  7652 | D:7      | Found a flagged portal.
  7720 | D:7      | Reached skill level 10 in Spellcasting
  7811 | Bailey   | Entered a bailey
  7837 | Bailey   | Offered knowledge of Static Discharge by Vehumet.
  7875 | Bailey   | Reached ** piety under Vehumet
  7943 | Bailey   | Reached XP level 9. HP: 47/47 MP: 17/25
  7970 | Bailey   | Reached skill level 5 in Translocations
  8298 | D:7      | Found a transporter.
  8298 | D:7      | Found a transporter.
  8299 | D:7      | Noticed MoonlitKnight's ghost (novice DEFE)
  8376 | D:7      | Reached skill level 11 in Spellcasting
  8442 | D:7      | Learned a level 4 spell: Fulminant Prism
  8494 | D:7      | Reached skill level 10 in Conjurations
  8496 | D:7      | Reached skill level 1 in Hexes
  8497 | D:7      | Engulfed by a steam dragon's steam

Illustrated notes

Levels and vault maps discovered:
D:1:      minmay_arrival_radiant_lines, layout_basic,
          shapermc_ecumenical_altar_mp_urbaneastern, minivault_14,
          minmay_tiny_reverse_x
D:2:      layout_basic, minmay_tetromino_t4
D:3:      layout_basic, grunt_ministairs_8, nicolae_grassy_gnolls, uniq_terence
D:4:      layout_cave_pools, nicolae_vehumet_altar_sigil, lemuel_tele_altar
D:5:      layout_loops_cross, trog_ov_bears_minmay, tso_altar,
          minmay_temple_entry_antechambers, grunt_ministairs_4
D:6:      nicolae_cairo_tiling, layout_basic, makhleb_grotto_becter,
          led_sif_book, serial_shops, shop, uniq_crazy_yiuf_cottage
D:7:      layout_rooms, gammafunk_ghost_hive, enter_bailey_5
Temple:   minmay_temple_curvy_loop

Skill      XL: |  1  2  3  4  5  6  7  8  9 |
---------------+----------------------------+-----
Conjurations   | 5 6 7 8 9 10 | 10.0
Spellcasting   | 4 5 6 8 10 11 | 11.3
Fighting       | 1 |  1.3
Translocations | 1 3 4 5 |  5.3
Hexes          | 1 |  1.4
Staves         | |  0.2
Dodging        | |  2.7
Stealth        | |  2.6

Action                   |  1- 3 |  4- 6 |  7- 9 || total
-------------------------+-------+-------+-------++-------
Melee: Staff             |       |     2 |     1 ||     3
 Cast: Magic Dart        |    75 |    68 |   125 ||   268
       Searing Ray       |     1 |    16 |    28 ||    45
       Stone Arrow       |       |       |    15 ||    15
       Iskenderun's Myst |       |       |     1 ||     1
  Use: Scroll            |       |     9 |     8 ||    17
       Potion            |       |       |     1 ||     1
Armor: Robe              |     1 |     8 |    21 ||    30
Dodge: Dodged            |       |    12 |    52 ||    64

Table legend: (Time is in decaauts)
 A = Elapsed time spent in this place.
 B = Non-inter-level travel time spent in this place.
 C = Inter-level travel time spent in this place.
 D = Time resting spent in this place.
 E = Time spent auto-exploring this place.
 F = Levels seen in this place.
 G = Mean time per level.
                   A        B        C        D        E       F      G
               +--------+--------+--------+--------+--------+-----+--------+
         Total |   8495 |   8272 |    223 |   2245 |   5009 |   9 |  943.9 |
       Dungeon |   7796 |   7597 |    199 |   2059 |   4693 |   7 | 1113.7 |
        Temple |    215 |    191 |     24 |      0 |    186 |   1 |  215.0 |
        Bailey |    483 |    483 |      0 |    186 |    130 |   1 |  483.0 |
               +--------+--------+--------+--------+--------+-----+--------+

Top non-repeatable levels by time:
     D:5: 1517 daAuts
     D:6: 1473 daAuts
     D:3: 1310 daAuts
     D:1: 1231 daAuts
     D:2: 1006 daAuts
     D:4: 893 daAuts
  Bailey: 483 daAuts
     D:7: 363 daAuts
  Temple: 215 daAuts
